 Dungeon Crawl Stone Soup version 0.27-a0-1280-g9d2d252d84 (webtiles) character file.

Game seed: 11166279770689597936

3859 Glokmah the Frost Mage (level 10, -2/83 HPs)
             Began as a Ghoul Ice Elementalist on June 13, 2021.
             Was a Believer of Makhleb.
             Slain by a skeletal warrior (10 damage)
             ... on level 7 of the Dungeon.
             The game lasted 00:25:26 (8387 turns).

Glokmah the Frost Mage (Ghoul Ice Elementalist)     Turns: 8387, Time: 00:25:27

Health: -2/83      AC: 10    Str: 16    XL:     10   Next: 18%
Magic:  15/15      EV: 17    Int:  9    God:    Makhleb [**....]
Gold:   205        SH:  0    Dex: 18    Spells: 6/17 levels left

rFire    + . .     SeeInvis .   a - +11 morningstar of Ru's Envy {vamp, Str+2}
rCold    + + .     Faith    .   (no shield)
rNeg     + + +     Spirit   .   D - quicksilver dragon scales "Omyuvann" {*Corrode rC+ Will+ Int-2 Dex+8}
rPois    ∞         Reflect  .   p - +0 helmet
rElec    .         Harm     .   (no cloak)
rCorr    +         Rampage  .   (no gloves)
Will     +....                  (no boots)
Stlth    ++........             F - macabre finger necklace {rN+}
HPRegen  0.00/turn              v - ring of protection from fire
MPRegen  0.14/turn              h - +4 ring of evasion
                                G - ring of resist corrosion

@: mighty, about to teleport
A: claws 1, cold resistance 1, negative energy resistance 3, inhibited
regeneration, torment resistance 2
a: Renounce Religion, Minor Destruction


You were on level 7 of the Dungeon.
You worshipped Makhleb.
Makhleb was pleased with you.
You visited 2 branches of the dungeon, and saw 8 of its levels.
You also visited: Bailey.

You collected 865 gold pieces.
You spent 660 gold pieces at shops.

Inventory:

Hand Weapons
 a - the +11 morningstar of Ru's Envy (weapon) {vamp, Str+2}
   (You found it in a bailey)

   It inflicts no extra harm, but heals its wielder when it wounds a living foe.
   It affects your strength (+2).
 b - a +1 spectral quarterstaff
Missiles
 c - 40 poisoned darts
 e - 202 stones
 g - 4 curare-tipped darts
 r - 23 boomerangs (quivered)
 x - a throwing net
Armour
 p - a +0 helmet (worn)
 D - the quicksilver dragon scales "Omyuvann" (worn) {*Corrode rC+ Will+ Int-2 Dex+8}
   (You found it in a bailey)

   It affects your intelligence (-2).
   It affects your dexterity (+8).
   It protects you from cold.
   It may corrode you when you take damage.
   It increases your willpower.
Jewellery
 h - a +4 ring of evasion (right claw)
 v - a ring of protection from fire (left claw)
 C - a +4 ring of evasion
 F - the macabre finger necklace (around neck) {rN+}
   (You bought it in a shop on level 1 of the Dungeon)

   [amulet of nothing]

   It enables you to equip an extra ring.
   It protects you from negative energy.
 G - a ring of resist corrosion (on amulet)
Wands
 i - a wand of flame (11)
 n - a wand of mindburst (11)
Scrolls
 l - a scroll of silence
 q - a scroll of noise
 s - 2 scrolls of fear
 w - a scroll of identify
 y - a scroll of enchant armour
 E - 2 scrolls of magic mapping
Potions
 f - 2 potions of lignification
 j - 3 potions of attraction
 t - a potion of brilliance {unknown}
 u - 2 potions of degeneration
 z - a potion of ambrosia
 A - a potion of mutation {unknown}
 B - a potion of haste {unknown}


   Skills:
 + Level 6.0 Fighting
 * Level 4.5(5.5) Maces & Flails
 - Level 4.8(5.7) Staves
 - Level 5.0 Dodging
 - Level 2.1 Stealth
 - Level 4.0 Spellcasting
 - Level 2.6 Conjurations
 - Level 8.0 Ice Magic
 + Level 5.0 Invocations


You had 6 spell levels left.
You knew the following spells:

 Your Spells              Type           Power      Damage    Failure   Level
a - Freeze                Ice            64%        1d8       1%          1
b - Frozen Ramparts       Ice            32%        1d5       6%          3
c - Ozocubu's Armour      Ice            16%        N/A       6%          3
d - Hailstorm             Conj/Ice       11%        3d5       50%         4

Your spell library contained the following spells:

 Spells                   Type           Power      Damage    Failure   Level
 Animate Skeleton         Necr           2%         N/A       45%         1
 Pain                     Necr           4%         1d4       45%         1
 Vampiric Draining        Necr           0%         2d6       83%         3
 Metabolic Englaciation   Hex/Ice        4%         N/A       95%         5
 Animate Dead             Necr           0%         N/A       99%         4
 Agony                    Necr           1%         N/A       100%        5


Dungeon Overview and Level Annotations

Branches:
Dungeon (7/15)             Temple (1/1) D:4          Bailey (visited)

Altars:
Ashenzari
Dithmenos
Elyvilon
Fedhas
Gozag
Hepliaklqana
Kikubaaqudgha
Makhleb
Nemelex Xobeh
Okawaru
Qazlal
Ru
Sif Muna
Uskayaw
Vehumet
Wu Jian
Xom
Yredelemnul
Zin
The Shining One

Shops:
D:1 *[=!*

Annotations:
D:6 1 runed translucent door


Innate Abilities, Weirdness & Mutations

You thrive by killing the living.
You are immune to poison.
You have sharp fingernails.
Your flesh is cold resistant. (rC+)
You are immune to negative energy. (rN+++)
You do not regenerate when monsters are visible.
You are immune to unholy pain and torment.


Message History

The skeletal warrior hits you with a +0 glaive!
You hit the skeletal warrior but do no damage.
The skeletal warrior is moderately damaged.
The skeletal warrior hits you with a +0 glaive!!
* * * LOW HITPOINT WARNING * * *
Unknown command.
Okay, then.
As you read the scroll of fear, it crumbles to dust.
You assume a fearsome visage.
The skeletal warrior is unaffected.
The skeletal warrior hits you but does no damage.
You feel much better.
The skeletal warrior completely misses you.
You feel very mighty all of a sudden.
The skeletal warrior hits you with a +0 glaive!!
* * * LOW HITPOINT WARNING * * *
You puncture the skeletal warrior!
The skeletal warrior is moderately damaged.
The skeletal warrior hits you with a +0 glaive!
* * * LOW HITPOINT WARNING * * *
You feel better.
The skeletal warrior hits you but does no damage.
You feel better.
The skeletal warrior closely misses you.
Okay, then.
You puncture the skeletal warrior!
The skeletal warrior is heavily damaged.
The skeletal warrior misses you. x2
You hit the skeletal warrior but do no damage.
The skeletal warrior is heavily damaged.
The skeletal warrior hits you with a +0 glaive!
* * * LOW HITPOINT WARNING * * *
You barely miss the skeletal warrior.
The skeletal warrior is heavily damaged.
The skeletal warrior hits you with a +0 glaive.
* * * LOW HITPOINT WARNING * * *
Okay, then.
As you read the scroll of teleportation, it crumbles to dust.
You feel strangely unstable.
The skeletal warrior hits you with a +0 glaive!
You die...

#.K....).))#...#*#...#.
#K########.##...#...###
*,* #.###.....#### *,*
*#.# *#...#* #.
*,*******..########**##
*,,,,,,,,+.......,,,,,,
*********#.....#*******
######.....# *
#.@z.'.....#
#.####.....# #.#
*.....# #.# *.....# #.#
*.....# #.# *###### #.#
*********** #.#
*,,,,,,,,,*
#.######*,,,,,,,,,*


You could see a skeletal warrior.

Vanquished Creatures
  A two-headed ogre (D:7)
  Joseph (D:7)
  Maggie (D:6)
  A troll (D:7)
  A wraith (D:7)
  3 orc warriors (Bailey)
  A hornet zombie (D:7)
  An ice beast (D:7)
  A sky beast (D:5)
  A phantom (D:5)
  2 centaurs
  A kobold brigand (D:7)
  A bullfrog (D:7)
  A gnoll sergeant (D:6)
  8 scorpions
  2 water moccasin skeletons
  A howler monkey (D:4)
  2 hounds (D:5)
  A centaur zombie (D:6)
  2 orc priests
  A gnoll shaman (D:6)
  2 iguanas (D:4)
  3 orc wizards
  12 gnolls
  5 adders
  2 white imps
  2 ufetubi (D:6)
  A worm (D:2)
  4 dart slugs
  32 orcs
  8 endoplasms
  7 giant cockroaches
  3 goblins (D:3)
  11 hobgoblins
  2 quokkas
  6 ball pythons
  3 bats
  2 frilled lizards
  19 kobolds
  14 rats
  2 butterflies (D:6)
174 creatures vanquished.

Vanquished Creatures (others)
  3 plants
  A withered plant (D:2)
4 creatures vanquished.

Grand Total: 178 creatures vanquished

Notes
Turn   | Place    | Note
-------+----------+-------------------------------------------
     0 | D:1      | Glokmah the Ghoul Ice Elementalist began the quest for the
                  | Orb.
     0 | D:1      | Reached XP level 1. HP: 14/14 MP: 2/2
    48 | D:1      | Found Lilir's General Store.
   364 | D:1      | Found Bexaid's Armour Shop.
   407 | D:1      | Reached XP level 2. HP: 22/22 MP: 0/3
   469 | D:1      | Found Taahebox's Jewellery Boutique.
   625 | D:1      | Found Geukk's Distillery.
   655 | D:1      | Found Nantulamp's General Store.
   925 | D:2      | Reached skill level 1 in Fighting
   959 | D:2      | Found a faded altar of an unknown god.
   977 | D:2      | Reached XP level 3. HP: 28/28 MP: 5/5
  1011 | D:2      | Learned a level 3 spell: Frozen Ramparts
  1375 | D:2      | Reached skill level 5 in Ice Magic
  1379 | D:2      | Reached XP level 4. HP: 27/35 MP: 2/6
  1684 | D:2      | Learned a level 3 spell: Ozocubu's Armour
  2119 | D:3      | Found a hazy altar of Hepliaklqana.
  2372 | D:3      | Reached skill level 1 in Staves
  2375 | D:3      | Reached XP level 5. HP: 35/41 MP: 0/7
  3100 | D:4      | Reached XP level 6. HP: 18/50 MP: 8/8
  3374 | D:4      | Found a staircase to the Ecumenical Temple.
  3376 | D:4      | Found a broken altar of Ashenzari.
  3379 | D:4      | Reached skill level 6 in Ice Magic
  3581 | D:5      | Entered Level 5 of the Dungeon
  3595 | Temple   | Entered the Ecumenical Temple
  3787 | Temple   | Became a worshipper of Makhleb the Destroyer
  4605 | D:5      | Reached XP level 7. HP: 57/57 MP: 6/10
  4836 | D:5      | Reached skill level 1 in Invocations
  5421 | D:6      | Reached skill level 7 in Ice Magic
  5454 | D:6      | Reached XP level 8. HP: 48/63 MP: 3/11
  5553 | D:6      | Reached * piety under Makhleb
  5618 | D:6      | Noticed Maggie
  5933 | D:6      | Killed Maggie
  6124 | D:6      | Learned a level 4 spell: Hailstorm
  6276 | D:6      | Found a runed translucent door.
  6278 | D:6      | Found a runed translucent door.
  6287 | D:6      | Reached skill level 1 in Conjurations
  6291 | D:6      | Reached XP level 9. HP: 71/71 MP: 7/13
  6543 | D:7      | Found a flagged portal.
  6543 | D:7      | Noticed a troll
  6554 | D:7      | Killed a troll
  6555 | D:7      | Reached skill level 8 in Ice Magic
  6569 | Bailey   | Entered a bailey
  6876 | Bailey   | Found an iron altar of Okawaru.
  6889 | Bailey   | Identified the quicksilver dragon scales "Omyuvann"
                  | {*Corrode rC+ Will+ Int-2 Dex+8}
  6898 | Bailey   | Identified the +11 morningstar of Ru's Envy {vamp, Str+2}
  6935 | Bailey   | Reached ** piety under Makhleb
  6985 | D:7      | Noticed Joseph
  7009 | D:7      | Killed Joseph
  7010 | D:7      | Reached skill level 1 in Maces & Flails
  7358 | D:1      | Bought the macabre finger necklace {rN+} for 440 gold
                  | pieces
  7358 | D:1      | Found the macabre finger necklace {rN+}
  7358 | D:1      | Bought a ring of resist corrosion for 220 gold pieces
  7603 | D:7      | Reached skill level 5 in Fighting
  7784 | D:7      | Noticed a two-headed ogre
  7795 | D:7      | Killed a two-headed ogre
  7796 | D:7      | Reached skill level 5 in Dodging
  7796 | D:7      | Reached XP level 10. HP: 48/83 MP: 5/15
  8032 | D:7      | Noticed a skeletal warrior
  8032 | D:7      | Noticed a two-headed ogre
  8034 | D:7      | Noticed a cyclops
  8075 | D:7      | Reached skill level 5 in Invocations
  8387 | D:7      | Slain by a skeletal warrior

Illustrated notes

Levels and vault maps discovered:
D:1:      lemuel_arrival_river_ford, layout_basic, serial_shops, shop, shop,
          nicolae_shop_window_shopping, shop,
          nicolae_shop_temple_entry_statues_fountains
D:2:      minmay_chambers_of_ones, layout_basic,
          ebering_ecumenical_altar_petrified, minivault_27
D:3:      layout_basic, nicolae_hepliaklqana_hazy_memory, minmay_box_of_dots
D:4:      layout_cave_pods, ashenzari_altar_1, minmay_temple_entry_from_below_a,
          serial_glass, glass_columns_c, glass_columns_a, glass_columns_c,
          glass_columns_b, item_on_display_a, serial_bayou_pond_d
D:5:      layout_gridville
D:6:      lemuel_insect_pit, layout_basic, uniq_maggie
D:7:      layout_basic, enter_bailey_2, minmay_misc_feat_roman,
          minmay_the_grid_2x2 [minmay_the_grid_outer_diamond,
          minmay_the_grid_fan, minmay_the_grid_tree,
          minmay_the_grid_prize_four_corners_diamond_b], uniq_joseph
Temple:   compressed_dpeg_circular_temple

Skill      XL: |  1  2  3  4  5  6  7  8  9 10 |
---------------+-------------------------------+-----
Dodging        | 2 3 4 5 |  5.0
Spellcasting   | 2 3 4 |  4.0
Fighting       | 1 2 3 4 5 6 |  6.0
Ice Magic      | 5 6 7 8 |  8.0
Staves         | 1 2 3 4 |  4.8
Invocations    | 1 2 4 5 |  5.0
Conjurations   | 1 2 |  2.6
Maces & Flails | 4 |  4.5
Stealth        | |  2.1

Action                   |  1- 3 |  4- 6 |  7- 9 | 10-12 || total
-------------------------+-------+-------+-------+-------++-------
Melee: Unarmed           |    10 |       |       |       ||    10
       Quarterstaff      |    25 |    56 |    77 |       ||   158
       Morningstar       |       |       |    44 |    24 ||    68
Throw: Dart              |       |     1 |    29 |       ||    30
       Boomerang         |       |       |     5 |       ||     5
 Cast: Freeze            |    18 |    19 |     9 |       ||    46
       Frozen Ramparts   |     1 |    10 |    23 |     7 ||    41
       Ozocubu's Armour  |       |     2 |    15 |     2 ||    19
Invok: Minor Destruction |       |       |     2 |     8 ||    10
  Use: Scroll            |       |    10 |    11 |     3 ||    24
       Potion            |       |       |     1 |     6 ||     7
 Stab: Sleeping          |     2 |     4 |     2 |       ||     8
       Distracted        |       |       |     1 |       ||     1
Armor: Robe              |    12 |     8 |    11 |       ||    31
       Steam dragon scal |       |       |    16 |       ||    16
       Quicksilver drago |       |       |     8 |    12 ||    20
Dodge: Dodged            |    16 |    41 |   125 |    26 ||   208

Table legend: (Time is in decaauts)
 A = Elapsed time spent in this place.
 B = Non-inter-level travel time spent in this place.
 C = Inter-level travel time spent in this place.
 D = Time resting spent in this place.
 E = Time spent auto-exploring this place.
 F = Levels seen in this place.
 G = Mean time per level.
                   A        B        C        D        E       F      G
               +--------+--------+--------+--------+--------+-----+--------+
         Total |   8473 |   7675 |    798 |   1340 |   4522 |   9 |  941.4 |
       Dungeon |   7879 |   7185 |    694 |   1136 |   4430 |   7 | 1125.6 |
        Temple |    199 |     95 |    104 |      0 |     92 |   1 |  199.0 |
        Bailey |    394 |    394 |      0 |    204 |      0 |   1 |  394.0 |
               +--------+--------+--------+--------+--------+-----+--------+

Top non-repeatable levels by time:
     D:6: 1362 daAuts
     D:4: 1329 daAuts
     D:2: 1236 daAuts
     D:7: 1187 daAuts
     D:1: 1004 daAuts
     D:3: 921 daAuts
     D:5: 839 daAuts
  Bailey: 394 daAuts
  Temple: 199 daAuts
